 Dungeon Crawl Stone Soup version 0.18.1-1-g2f07953 (webtiles) character file.

8729 M4edhros the Covert (level 11, -14/75 HPs)
             Began as an Octopode Artificer on May 7, 2016.
             Was a High Priest of Dithmenos.
             Demolished by an orc warrior
             ... wielding a +0 war axe
              (36 damage)
             ... on level 2 of the Orcish Mines.
             The game lasted 00:14:19 (6953 turns).

M4edhros the Covert (Octopode Artificer)            Turns: 6953, Time: 00:14:20

Health: -14/75     AC:  1    Str: 13    XL:     11   Next: 35%
Magic:  11/13      EV: 17    Int: 15    God:    Dithmenos [*****.]
Gold:   651        SH:  7    Dex: 15    Spells: 1 memorised, 6 levels left

rFire  . . .     SeeInvis .     w - +2 dagger (elec)
rCold  + . .     Gourm    .     A - +1 buckler of Relativism {Str+2 Slay+2}
rNeg   . . .     Faith    .     (helmet restricted)
rPois  .         Spirit   .     H - amulet of regeneration
rElec  .         Dismiss  .     j - ring of resist corrosion
rCorr  +         Reflect  .     u - ring of stealth
SustAt .         Harm     .     B - ring of protection from cold
MR     .....                    (no ring)
Stlth  ++++++++++               (no ring)
                                (no ring)
                                (no ring)
                                (no ring)

@: very slightly contaminated, wreathed by umbra, invisible, not resistant to
hostile enchantments, uncannily stealthy
A: almost no armour, amphibious, 8 rings, constrict 8, camouflage 1, gelatinous
body 1
a: Shadow Step, Shadow Form, Renounce Religion


You were on level 2 of the Orcish Mines.
You worshipped Dithmenos.
Dithmenos was extremely pleased with you.
You were hungry.

You visited 2 branches of the dungeon, and saw 14 of its levels.

You collected 651 gold pieces.

Inventory:

Hand Weapons
 a - a +0 short sword
 p - a +2 dagger of electrocution
 w - a +2 dagger of electrocution (weapon)
 D - a +2 dagger of venom
 E - a +0 blowgun
Missiles
 F - 31 poisoned needles
Armour
 i - a +0 buckler
 A - the +1 buckler of Relativism (worn) {Str+2 Slay+2}
   (You found it on level 6 of the Dungeon)

   It affects your strength (+2).
   It affects your accuracy and damage with ranged weapons and melee attacks
   (+2).
Jewellery
 j - a ring of resist corrosion (left tentacle)
 u - a ring of stealth (right tentacle)
 B - a ring of protection from cold (on tentacle)
 H - an amulet of regeneration (around mantle)
 P - an uncursed ring of fire
Wands
 b - a wand of flame (13/48)
 c - a wand of enslavement (13/24)
 d - a wand of random effects (15/48)
 o - a wand of teleportation (4/9)
 y - a wand of polymorph (13/24)
 N - a wand of slowing (10/48)
 R - a wand of acid (14/15)
Scrolls
 e - a scroll of immolation {unknown}
 g - 11 scrolls of identify {unknown}
 h - 5 scrolls of teleportation {unknown}
 k - 8 scrolls of remove curse {unknown}
 q - 3 scrolls of noise {unknown}
 r - a scroll of magic mapping {unknown}
 s - a scroll of fog {unknown}
 I - a scroll of blinking {unknown}
 K - a scroll of recharging {unknown}
 Q - a scroll of random uselessness {unknown}
Potions
 m - 3 potions of degeneration {unknown}
 v - a potion of invisibility
 z - a potion of heal wounds
 C - a potion of flight {unknown}
 G - a potion of lignification
 J - a potion of haste
 O - a potion of might {unknown}
Books
 t - a book of Callings

   Spells                             Type                      Level
   a - Summon Small Mammal            Summoning                    1
   b - Call Imp                       Summoning                    2
   c - Call Canine Familiar           Summoning                    3
   d - Summon Guardian Golem          Hexes/Summoning              3
   e - Summon Lightning Spire         Summoning/Air                4
   f - Summon Ice Beast               Ice/Summoning                4
 L - a book of the Dragon

   Spells                             Type                      Level
   a - Flame Tongue                   Conjuration/Fire             1
   b - Cause Fear                     Hexes                        4
   c - Bolt of Fire                   Conjuration/Fire             6
   d - Dragon Form                    Transmutation                7
   e - Dragon's Call                  Summoning                    9
Comestibles
 f - 7 bread rations
 l - a beef jerky
 n - 6 fruits
 x - 4 meat rations
 M - 3 chunks of flesh


   Skills:
 + Level 7.6 Fighting
 + Level 7.9 Short Blades
 + Level 7.9 Dodging
 - Level 9.1 Stealth
 + Level 7.4 Shields
 + Level 3.6 Summonings
 + Level 3.8 Air Magic
 - Level 3.2 Evocations


You had 6 spell levels left.
You knew the following spells:

 Your Spells              Type           Power        Failure   Level  Hunger
a - Summon Lightning Spi  Summ/Air       ##......     67%         4    #####..


Dungeon Overview and Level Annotations

Branches:
Dungeon (12/15)            Temple (0/1) D:7             Orc (2/2) D:11
   Lair: D:8-11         Elf: Orc:2

Altars:
Ashenzari
Dithmenos
Elyvilon
Fedhas
Nemelex Xobeh
Okawaru
Pakellas
Xom
Zin

Shops:
Orc:2 ([[((

Annotations:
D:10 MagicLamp's ghost, novice DrIE


Innate Abilities, Weirdness & Mutations

You cannot wear most types of armour.
You are amphibious.
You can wear up to eight rings at the same time.
You can use your tentacles to constrict eight enemies at once.
Your skin changes colour to match your surroundings (Stealth).
Your rubbery body absorbs attacks (AC +1).


Message History

You emit a cloud of dark smoke.
You release your grip on the orc warrior.
The orc unwields an uncursed mace.
The orc wields an arbalest.
The orc shoots a bolt.
The bolt barely misses the orc warrior.
The bolt misses the orc warrior.
You hear a splash.
You block the orc warrior's attack.
An orc comes into view. It is wielding a hand axe.
The orc shouts!
You hit the orc warrior but do no damage.
You grab the orc warrior.
The orc warrior is severely wounded.
You constrict the orc warrior, but do no damage.
The orc warrior throws a tomahawk.
The tomahawk hits the orc warrior but does no damage.
The centaur wields an uncursed shortbow.
The centaur shoots an arrow.
The arrow hits the orc warrior.
The orc warrior completely misses you.
The orc warrior hits you with a war axe!!!
You die...

#...##..##..##..
#≈(..........##.
. #≈≈≈c.....(...#
..
##≈≈≈≈..........
#∩
###≈≈≈≈(.....#.
o.o####§§§(.....#
.∩o.oooo§§(......
.o.o(ooo§c((...(.
...####@§§≈(....#
∩ #≈≈§§..(...#
≈≈≈≈..(......
#≈≈≈..........#
#≈≈..........##
#...##..##..##
.... .... ...
..... .... ..


You could see 10 orc warriors, a centaur and 2 orcs.

Vanquished Creatures
  An ettin (D:11)
  An orc sorcerer (Orc:1)
  An ugly thing (D:11)
  2 cyclopes (D:11)
  Prince Ribbit (D:5)
  2 two-headed ogres
  Grum (D:9)
  A hippogriff (D:7)
  Edmund (D:4)
  Duvessa (D:6)
  8 orc warriors
  3 ice beasts
  A sky beast (D:10)
  An eye of draining (D:11)
  A phantom (D:9)
  A necrophage (D:11)
  3 centaurs
  5 ogres
  2 wolves (D:9)
  2 big kobolds
  3 giant frogs
  2 water moccasin zombies
  Dowan (D:6)
  2 scorpions
  14 killer bees
  6 wights
  3 centaur zombies
  2 crimson imps
  A howler monkey (D:3)
  A quasit (D:8)
  4 hounds
  A giant frog skeleton (D:5)
  2 orc priests
  8 orc wizards
  13 worker ants
  A hound skeleton (D:11)
  A worker ant zombie (D:6)
  10 adders
  A white imp (D:9)
  An ooze (D:3)
  3 adder skeletons
  3 worms
  2 dart slugs
  5 giant geckos
  32 orcs
  3 giant cockroaches
  6 goblins
  7 hobgoblins
  6 jackals
  8 quokkas
  2 ball pythons
  7 bats
  5 giant newts
  19 kobolds
  7 rats
231 creatures vanquished.

Vanquished Creatures (others)
  An orc knight (Orc:2)
  2 centaurs (Orc:2)
  A killer bee (D:9)
  3 orcs (Orc:2)
7 creatures vanquished.

Grand Total: 238 creatures vanquished

Notes
Turn   | Place    | Note
--------------------------------------------------------------
     0 | D:1      | M4edhros the Octopode Artificer began the quest for the Orb.
     0 | D:1      | Reached XP level 1. HP: 13/13 MP: 3/3
    89 | D:1      | Reached skill level 2 in Stealth
   476 | D:1      | Found a shattered altar of Ashenzari.
   484 | D:1      | Reached XP level 2. HP: 18/18 MP: 4/4
   658 | D:1      | Reached skill level 3 in Stealth
  1093 | D:2      | Reached skill level 4 in Stealth
  1093 | D:2      | Reached XP level 3. HP: 15/23 MP: 5/5
  1374 | D:2      | Reached skill level 5 in Stealth
  1435 | D:3      | Found a faded altar to an unknown god.
  1458 | D:3      | Became a worshipper of Dithmenos the Shadowed
  1458 | D:3      | Reached * piety under Dithmenos
  1482 | D:3      | Reached skill level 6 in Stealth
  1482 | D:3      | Reached XP level 4. HP: 28/28 MP: 6/6
  1721 | D:3      | Reached XP level 5. HP: 30/33 MP: 7/7
  1846 | D:3      | Reached skill level 7 in Stealth
  2029 | D:3      | Found a sparkling altar of Nemelex Xobeh.
  2307 | D:2      | Reached ** piety under Dithmenos
  2652 | D:4      | Found an oddly glowing altar of Pakellas.
  2721 | D:4      | Reached XP level 6. HP: 28/38 MP: 8/8
  2728 | D:4      | Reached skill level 1 in Shields
  3431 | D:4      | Noticed Edmund
  3441 | D:4      | Killed Edmund
  3441 | D:4      | Reached skill level 8 in Stealth
  3441 | D:4      | Reached XP level 7. HP: 31/45 MP: 9/9
  3568 | D:5      | Entered Level 5 of the Dungeon
  3749 | D:5      | Found a white marble altar of Elyvilon.
  3891 | D:5      | Reached XP level 8. HP: 46/52 MP: 10/10
  4203 | D:5      | Noticed Prince Ribbit
  4208 | D:5      | Killed Prince Ribbit
  4208 | D:5      | Reached skill level 9 in Stealth
  4536 | D:6      | Got a pitted buckler
  4550 | D:6      | Identified the +1 buckler of Relativism {Str+2 Slay+2} (You found it on level 6 of the Dungeon)
  4561 | D:6      | Reached *** piety under Dithmenos
  4757 | D:6      | Noticed Dowan
  4758 | D:6      | Noticed Duvessa
  4775 | D:6      | Killed Duvessa
  4781 | D:6      | Killed Dowan
  4965 | D:7      | Reached XP level 9. HP: 59/59 MP: 11/11
  4969 | D:7      | Reached skill level 5 in Dodging
  5029 | D:7      | Found a staircase to the Ecumenical Temple.
  5066 | D:7      | Reached skill level 5 in Short Blades
  5188 | D:7      | Found a shimmering altar of Xom.
  5190 | D:7      | Found a shimmering altar of Xom.
  5190 | D:7      | Found a shimmering altar of Xom.
  5229 | D:7      | Found a shimmering altar of Xom.
  5229 | D:7      | Found a shimmering altar of Xom.
  5230 | D:7      | Found a shimmering altar of Xom.
  5247 | D:7      | Reached skill level 5 in Fighting
  5371 | D:8      | Found a shadowy altar of Dithmenos.
  5371 | D:8      | Found a blossoming altar of Fedhas.
  5371 | D:8      | Found a glowing silver altar of Zin.
  5652 | D:8      | Reached **** piety under Dithmenos
  5652 | D:8      | Reached skill level 5 in Shields
  5761 | D:8      | Found an iron altar of Okawaru.
  5784 | D:8      | Noticed a two-headed ogre
  5792 | D:8      | Killed a two-headed ogre
  6038 | D:9      | Noticed Grum
  6046 | D:9      | ok, ill start to save turns now. wasted 5000
  6051 | D:9      | Reached XP level 10. HP: 65/68 MP: 12/12
  6061 | D:9      | Killed Grum
  6168 | D:10     | Entered Level 10 of the Dungeon
  6271 | D:10     | Learned a level 4 spell: Summon Lightning Spire
  6327 | D:10     | Noticed MagicLamp's ghost (novice DrIE)
  6418 | D:11     | Reached skill level 1 in Summonings
  6455 | D:11     | Reached skill level 1 in Air Magic
  6468 | D:11     | Noticed a brown ugly thing
  6475 | D:11     | Killed a brown ugly thing
  6522 | D:11     | Reached ***** piety under Dithmenos
  6530 | D:11     | Noticed an ettin
  6592 | D:11     | Noticed a cyclops
  6599 | D:11     | Killed a cyclops
  6605 | D:11     | Killed an ettin
  6605 | D:11     | Reached XP level 11. HP: 75/75 MP: 13/13
  6646 | D:11     | Noticed a cyclops
  6653 | D:11     | Killed a cyclops
  6744 | D:11     | Found a staircase to the Orcish Mines.
  6757 | Orc:1    | Entered Level 1 of the Orcish Mines
  6773 | Orc:1    | Noticed an orc sorcerer
  6788 | Orc:1    | Killed an orc sorcerer
  6875 | Orc:2    | Entered Level 2 of the Orcish Mines
  6878 | Orc:2    | Found Nusesh's Weapon Boutique.
  6930 | Orc:2    | Noticed an orc knight
  6930 | Orc:2    | Found Sasatozi's Armour Shop.
  6930 | Orc:2    | Found Nane's Armour Shoppe.
  6930 | Orc:2    | Found Yvimifui's Weapon Emporium.
  6945 | Orc:2    | Found Biczauj's Antique Weapon Boutique.
  6945 | Orc:2    | Killed an orc knight
  6953 | Orc:2    | Demolished by an orc warrior

Skill      XL: |  1  2  3  4  5  6  7  8  9 10 |
---------------+-------------------------------+-----
Stealth        | 2 4 6 7 8 9 |  9.1
Shields        | 2 4 5 7 |  7.4
Short Blades   | 2 3 4 6 7 |  7.9
Fighting       | 2 3 4 6 7 |  7.6
Dodging        | 3 4 6 7 |  7.9
Summonings     | 3 |  3.6
Air Magic      | 3 |  3.8
Evocations     | |  3.2

Action                   |  1- 3 |  4- 6 |  7- 9 | 10-12 || total
-------------------------+-------+-------+-------+-------++-------
Melee: Short sword       |    49 |       |       |       ||    49
       Constrict         |    13 |    16 |    43 |    20 ||    92
       Tentacles         |     6 |    14 |    33 |    15 ||    68
       Dagger            |     8 |    95 |   217 |   106 ||   426
Invok: Shadow Step       |       |       |       |     1 ||     1
Evoke: Wand              |     4 |       |     1 |       ||     5
  Use: Potion            |     2 |     2 |     4 |     1 ||     9
 Stab: Sleeping          |    14 |    12 |    25 |    21 ||    72
       Distracted        |       |       |     3 |       ||     3
       Invisible         |       |       |       |    11 ||    11
  Eat: Chunk             |     2 |     6 |     6 |     3 ||    17
       Royal jelly       |       |       |     1 |       ||     1
Armor: Skin              |     5 |     8 |     4 |       ||    17
Dodge: Dodged            |    25 |    44 |    98 |    49 ||   216
Block: Buckler           |       |     3 |    40 |    26 ||    69
